 Dungeon Crawl Stone Soup version 0.29-a0-1027-gcd8c55af63 (webtiles) character file.

Game seed: 296218152769248922

45 ytrimaz the Insei (level 3, -2/23 HPs)
             Began as an Octopode Transmuter on Aug 12, 2022.
             Slain by a goblin
             ... wielding a +0 club
              (3 damage)
             ... on level 2 of the Dungeon.
             The game lasted 00:01:54 (1406 turns).

ytrimaz the Insei (Octopode Transmuter)             Turns: 1406, Time: 00:01:55

Health: -2/23      AC:  1    Str: 15    XL:     3   Next: 64%
Magic:  3/6        EV: 13    Int: 17    God:
Gold:   70         SH:  0    Dex: 12    Spells: 0/6 levels left

rFire   + . .      SeeInvis .     - Unarmed
rCold   + . .      Faith    .   (no shield)
rNeg    . . .      Spirit   .   (helmet restricted)
rPois   .          Reflect  .   (no amulet)
rElec   .          Harm     .   d - ring of protection from cold
rCorr   .          Rampage  .   e - +6 ring of strength
Will    .....                   c - ring of protection from fire
Stlth   ++........              (no ring)
HPRegen 0.07/turn               (no ring)
MPRegen 0.10/turn               (no ring)
                                (no ring)
                                (no ring)

@: no status effects
A: almost no armour, amphibious, 8 rings, camouflage 1, gelatinous body 1,
(nimble swimmer 1), tentacles
a: no special abilities


You were on level 2 of the Dungeon.
You visited 1 branch of the dungeon, and saw 2 of its levels.

You collected 70 gold pieces.

Inventory:

Jewellery
 a - an amulet of faith
 c - a ring of protection from fire (on tentacle)
 d - a ring of protection from cold (left tentacle)
 e - a +6 ring of strength (right tentacle)
Potions
 b - a potion of brilliance
 g - a potion of haste {unknown}


   Skills:
 - Level 1.0 Fighting
 - Level 2.0 Dodging
 - Level 4.0 Unarmed Combat
 - Level 2.0 Spellcasting
 + Level 2.6 Transmutations
 * Level 1.1 Poison Magic


You couldn't memorise any spells.
You knew the following spells:

 Your Spells              Type           Power      Damage    Failure   Level
a - Beastly Appendage     Tmut           20%        N/A       7%          1
b - Wereblood             Tmut           10%        N/A       10%         2
c - Spider Form           Tmut/Pois      8%         N/A       26%         3

Your spell library contained the following spells:

 Spells                   Type           Power      Damage    Failure   Level
 Slow                     Hex            4%         N/A       19%         1
 Confusing Touch          Hex            1%         N/A       50%         3
 Gell's Gravitas          Tloc           1%         N/A       50%         3
 Lesser Beckoning         Tloc           1%         N/A       50%         3
 Teleport Other           Tloc           1%         N/A       50%         3
 Vampiric Draining        Necr           1%         2d6       50%         3
 Ice Form                 Ice/Tmut       6%         N/A       75%         4


Dungeon Overview and Level Annotations

Branches:
Dungeon (2/15)

Altars:


Innate Abilities, Weirdness & Mutations

You cannot wear most types of armour.
You are amphibious.
You can wear up to eight rings at the same time.
Your skin changes colour to match your surroundings (Stealth+).
Your rubbery body absorbs attacks. (AC +1, EV +1)
((You are camouflaged when in or above water. (Stealth+)))
You have tentacles for arms and can constrict up to eight enemies at once.


Message History

You are too injured to fight recklessly!
You tentacle-slap the ball python. You grab the ball python.
You pierce the ball python.
You kill the ball python!
You feel sick.
Unknown command.
You feel sick. The endoplasm closely misses you.
You are too injured to fight recklessly!
You tentacle-slap the endoplasm.
You pierce the endoplasm.
You kill the endoplasm!
You feel sick.
You are no longer poisoned.
You are too injured to fight recklessly!
You tentacle-slap the dart slug but do no damage.
You grab the dart slug.
You pierce the dart slug.
The dart slug is heavily wounded.
You constrict the dart slug. The dart slug launches a dart at you.
The slug dart hits you.
* * * LOW HITPOINT WARNING * * *
You tentacle-slap the dart slug.
You kill the dart slug!
Your Poison Magic skill increases to level 1!
You are too injured to fight recklessly!
You closely miss the hobgoblin. You grab the hobgoblin.
You pierce the hobgoblin, but do no damage.
Your tentacle spike disappears.
You constrict the hobgoblin. The hobgoblin completely misses you.
Your magical contamination has completely faded away.
You are too injured to fight recklessly!
You tentacle-slap the hobgoblin. You squeeze the hobgoblin.
You kill the hobgoblin!
Unknown command.
You barely miss the goblin. Your grab misses the goblin.
Your squeeze misses the goblin. The goblin hits you with a +0 club.
* * * LOW HITPOINT WARNING * * *
You are too injured to fight recklessly!
You closely miss the goblin. You grab the goblin. You constrict the goblin.
The goblin hits you with a +0 club.
You die...

.# .# ### #.# ....
###.### [.... #...>.#
.....###### #..[..#
..........#####.....#
...........g@.......#
..........#####.....#
..........# #...<.#
..........# #.....#
..........# #.....#
⌠..##.....# #######
.. #.....# . #.....#
#######


You could see a goblin.

Vanquished Creatures
  An adder (D:2)
  A gnoll (D:1)
  2 dart slugs
  2 ball pythons
  2 endoplasms
  2 giant cockroaches (D:1)
  4 hobgoblins
  3 bats (D:1)
  A frilled lizard (D:1)
  3 goblins (D:1)
  A kobold (D:1)
  2 rats (D:1)
24 creatures vanquished.

Notes
Turn   | Place    | Note
-------+----------+-------------------------------------------
     0 | D:1      | ytrimaz the Octopode Transmuter began the quest for the
                  | Orb.
     0 | D:1      | Reached XP level 1. HP: 13/13 MP: 3/3
    74 | D:1      | Reached XP level 2. HP: 6/18 MP: 5/5
   424 | D:1      | Learned a level 2 spell: Wereblood
  1050 | D:1      | Reached XP level 3. HP: 11/23 MP: 4/6
  1234 | D:1      | Reached skill level 4 in Unarmed Combat
  1244 | D:1      | Learned a level 3 spell: Spider Form
  1403 | D:2      | Reached skill level 1 in Poison Magic
  1405 | D:2      | HP: 1/23 [goblin/+0 club (4)]
  1406 | D:2      | Slain by a goblin

Illustrated notes

Levels and vault maps discovered:
D:1:      amcnicky_arrival_flooded_fountain, layout_rooms,
          minmay_split_cup_small
D:2:      layout_rooms, basic_altar, hangedman_feature_mirror,
          minmay_misc_feat_x

Skill      XL: |  1  2  3 |
---------------+----------+-----
Unarmed Combat | 4 |  4.0
Poison Magic   | 1 |  1.1
Fighting       | |  1.0
Dodging        | |  2.0
Spellcasting   | |  2.0
Transmutations | |  2.6

Action                   || total
-------------------------++-------
Melee: Unarmed           ||    56
       Constrict         ||    14
       Kick              ||    13
       Tentacles         ||    10
       Punch             ||     1
 Cast: Beastly Appendage ||     9
  Use: Potion            ||     3
       Scroll            ||     1
Armor: Skin              ||    17
Dodge: Dodged            ||    47

Table legend: (Time is in decaauts)
 A = Elapsed time spent in this place.
 B = Non-inter-level travel time spent in this place.
 C = Inter-level travel time spent in this place.
 D = Time resting spent in this place.
 E = Time spent auto-exploring this place.
 F = Levels seen in this place.
 G = Mean time per level.
                   A        B        C        D        E       F      G
               +--------+--------+--------+--------+--------+-----+--------+
         Total |   1401 |   1306 |     95 |    279 |    823 |   2 |  700.5 |
       Dungeon |   1401 |   1306 |     95 |    279 |    823 |   2 |  700.5 |
               +--------+--------+--------+--------+--------+-----+--------+

Top non-repeatable levels by time:
     D:1: 1362 daAuts
     D:2: 39 daAuts
